 Dungeon Crawl Stone Soup version 0.28-a0-1190-g77e1c55843 (webtiles) character file.

Game seed: 970878048537724813

484 ChaosChampion the Thaumaturge (level 6, -4/32 HPs)
             Began as a Deep Elf Conjurer on Dec 18, 2021.
             Slain by a hornet (12 damage)
             ... on level 4 of the Dungeon.
             The game lasted 00:04:04 (3778 turns).

ChaosChampion the Thaumaturge (Deep Elf Conjurer)   Turns: 3778, Time: 00:04:04

Health: -4/32      AC:  3    Str:  4    XL:     6   Next: 88%
Magic:  3/19       EV: 12    Int: 25    God:
Gold:   204        SH:  0    Dex: 13    Spells: 14/21 levels left

rFire   + . .      SeeInvis .   (no weapon)
rCold   + . .      Faith    .   (no shield)
rNeg    . . .      Spirit   .   a - +0 robe
rPois   .          Reflect  .   (no helmet)
rElec   .          Harm     .   d - +0 cloak
rCorr   .          Rampage  .   (no gloves)
Will    .....                   (no boots)
Stlth   ++........              (no amulet)
HPRegen 0.10/turn               i - ring of protection from fire
MPRegen 0.16/turn               j - ring of protection from cold

@: no status effects
A: no striking features
a: no special abilities


You were on level 4 of the Dungeon.
You visited 1 branch of the dungeon, and saw 4 of its levels.

You collected 204 gold pieces.

Inventory:

Armour
 a - a +0 robe (worn)
 d - a +0 cloak (worn)
Jewellery
 i - a ring of protection from fire (left hand)
 j - a ring of protection from cold (right hand)
Scrolls
 b - a scroll of immolation {unknown}
 c - a scroll of fog
 e - a scroll of brand weapon {unknown}
 f - 3 scrolls of teleportation {unknown}
 k - a scroll of torment {unknown}
 l - a scroll of acquirement {unknown}
Potions
 g - 3 potions of curing {unknown}
 h - 2 potions of heal wounds {unknown}


   Skills:
 - Level 2.4 Dodging
 - Level 2.4 Stealth
 * Level 8.0 Spellcasting
 + Level 6.2 Conjurations
 * Level 2.1 Hexes


You had 14 spell levels left.
You knew the following spells:

 Your Spells              Type           Power      Damage    Failure   Level
a - Magic Dart            Conj           100%       1d8       1%          1
b - Searing Ray           Conj           82%        2d7       1%          2
c - Fulminant Prism       Conj/Hex       15%        3d11      11%         4

Your spell library contained the following spells:

 Spells                   Type           Power      Damage    Failure   Level
 Dazzling Flash           Conj/Hex       62%        N/A       3%          3
 Iskenderun's Mystic Bla  Conj/Tloc      25%        2d7       17%         4


Dungeon Overview and Level Annotations

Branches:
Dungeon (4/15)
 Temple: D:4-7

Altars:
Kikubaaqudgha
Okawaru


Message History

Okay, then.
Casting: Searing Ray (safe; 1% risk of failure)
Confirm with . or Enter, or press ? or * to list all spells.
Aiming: Searing Ray (safe; 1% risk of failure)
Press: ? - help, Shift-Dir - straight line, p - fulminant prism The searing ray hits the hornet but does no damage. (Press . to maintain the ray.)
The hornet stings you!
You are poisoned.
You suddenly lose the ability to move!
Your fulminant prism crackles loudly.
Your fulminant prism explodes!
The blast of energy engulfs your fulminant prism!
The blast of energy engulfs the hornet!
The hornet is moderately wounded.
Your fulminant prism explodes!
You feel sick. The hornet barely misses you.
You feel sick.
The hornet stings you but does no damage.
The hornet stings you.
You shrug off the repeated paralysis!
You can move again.
You feel sick. The hornet closely misses you.
Casting: Searing Ray (safe; 1% risk of failure)
Confirm with . or Enter, or press ? or * to list all spells.
Aiming: Searing Ray (safe; 1% risk of failure)
Press: ? - help, Shift-Dir - straight line The searing ray hits the hornet.
The hornet is heavily wounded. (Press . to maintain the ray.)
You feel sick. The hornet barely misses you. The hornet closely misses you.
The searing ray hits the hornet.
The hornet is heavily wounded.
You feel sick. The hornet barely misses you.
As you read the scroll labelled OLACRI VUAXAUP, it crumbles to dust.
The scroll dissolves into smoke.
It was a scroll of fog.
You feel sick. The hornet closely misses you. The hornet barely misses you.
You feel sick.
You are no longer poisoned.
The hornet stings you!
You die...

#≈##..#≈.## #≈#...#≈..#
#≈#. .#≈≈.# ..# ###
##≈#§..##≈.# #.. ..#
##≈≈#.§#§#≈.# #.#
#.###≈≈##.#§§#≈.# #.#
#.#.≈≈##.#.#§#≈.## #.#
#.#.≈####.§y##≈..## #.#
#...≈#≈#.#@#.#≈≈..# #.#
#.##≈≈≈#≈.#.≈##≈≈.# #.#
#..###≈#.#.#.###≈.# ..#
####.###≈##.)..#≈#≈.# .##
#.....##≈#.#..##≈≈≈.#
.####.....##≈#≈..#≈#≈.#.#
..........##≈##.#..#≈...#
#####......≈≈#.#.#.#≈≈#.#
#.....≈≈###...###≈≈.#


You could see a hornet.

Vanquished Creatures
  Sigmund (D:2)
  A phantom (D:4)
  A water moccasin zombie (D:4)
  An iguana (D:4)
  2 orc wizards
  A hound skeleton (D:4)
  5 adders
  2 worms
  3 dart slugs
  4 orcs (D:3)
  4 ball pythons
  An endoplasm (D:1)
  A giant cockroach (D:3)
  5 goblins
  7 hobgoblins
  2 jackals (D:1)
  5 kobolds
  7 quokkas
  2 bats (D:3)
  2 frilled lizards
  12 rats
  A fulminant prism (D:4)
70 creatures vanquished.

Vanquished Creatures (others)
  2 fulminant prisms (D:4)
  4 toadstools (D:1)
6 creatures vanquished.

Grand Total: 76 creatures vanquished

Notes
Turn   | Place    | Note
-------+----------+-------------------------------------------
     0 | D:1      | ChaosChampion the Deep Elf Conjurer began the quest for the
                  | Orb.
     0 | D:1      | Reached XP level 1. HP: 10/10 MP: 6/6
   259 | D:1      | Reached XP level 2. HP: 15/15 MP: 6/8
   500 | D:1      | Reached skill level 4 in Spellcasting
   570 | D:1      | Found a faded altar of an unknown god.
   879 | D:1      | Reached XP level 3. HP: 15/19 MP: 2/10
   882 | D:1      | Learned a level 2 spell: Searing Ray
  1384 | D:2      | Reached skill level 5 in Spellcasting
  1384 | D:2      | Reached skill level 5 in Conjurations
  1489 | D:2      | Reached XP level 4. HP: 24/24 MP: 11/13
  1826 | D:2      | Noticed Sigmund
  1836 | D:2      | Killed Sigmund
  1837 | D:2      | Reached skill level 6 in Spellcasting
  1837 | D:2      | Reached XP level 5. HP: 10/28 MP: 1/16
  2443 | D:3      | Reached skill level 7 in Spellcasting
  2448 | D:3      | Reached XP level 6. HP: 30/32 MP: 6/18
  2711 | D:3      | Found an iron altar of Okawaru.
  2822 | D:3      | You fall into a shaft and drop 1 floor!
  2822 | D:4      | Found an ancient bone altar of Kikubaaqudgha.
  3267 | D:3      | Learned a level 4 spell: Fulminant Prism
  3633 | D:4      | Reached skill level 1 in Hexes
  3636 | D:4      | Reached skill level 8 in Spellcasting
  3766 | D:4      | Noticed a hornet
  3770 | D:4      | Paralysed by a hornet for 3 turns
  3778 | D:4      | Slain by a hornet

Illustrated notes

Levels and vault maps discovered:
D:1:      ldierk_walled_garden_2, layout_basic,
          hellmonk_ecumenical_altar_run_dry, minmay_misc_feat_iff,
          minmay_rat_gold_closets
D:2:      layout_basic, uniq_sigmund
D:3:      layout_basic, amcnicky_altar_gilded
D:4:      layout_loops_cross, nicolae_kikubaaqudgha_miasma_corner,
          wad_floor_pattern_1, minmay_manual_mullet

Skill      XL: |  1  2  3  4  5  6 |
---------------+-------------------+-----
Spellcasting   | 4 5 6 7 8 |  8.0
Conjurations   | 5 6 |  6.2
Hexes          | 2 |  2.1
Dodging        | |  2.4
Stealth        | |  2.4

Action                   |  1- 3 |  4- 6 || total
-------------------------+-------+-------++-------
 Cast: Magic Dart        |    69 |    57 ||   126
       Searing Ray       |     1 |    16 ||    17
       Fulminant Prism   |       |     3 ||     3
  Use: Scroll            |       |     1 ||     1
Armor: Robe              |     2 |     3 ||     5
Dodge: Dodged            |     5 |    21 ||    26

Table legend: (Time is in decaauts)
 A = Elapsed time spent in this place.
 B = Non-inter-level travel time spent in this place.
 C = Inter-level travel time spent in this place.
 D = Time resting spent in this place.
 E = Time spent auto-exploring this place.
 F = Levels seen in this place.
 G = Mean time per level.
                   A        B        C        D        E       F      G
               +--------+--------+--------+--------+--------+-----+--------+
         Total |   3804 |   3733 |     71 |    428 |   2932 |   4 |  951.0 |
       Dungeon |   3804 |   3733 |     71 |    428 |   2932 |   4 |  951.0 |
               +--------+--------+--------+--------+--------+-----+--------+

Top non-repeatable levels by time:
     D:2: 1202 daAuts
     D:1: 1162 daAuts
     D:3: 940 daAuts
     D:4: 500 daAuts
